 Dungeon Crawl Stone Soup version 0.22.1-2-g9c5b331 (webtiles) character file.

30913 Lilu the Destroyer (level 13, 0/80 HPs)
             Began as a Deep Elf Conjurer on Nov 17, 2018.
             Was a High Priest of Sif Muna.
             Slain by a spriggan rider
             ... wielding the +7 spear of the Hills {pierce, Dex+3}
              (2 damage)
             ... on level 3 of the Lair of Beasts.
             The game lasted 01:34:50 (21493 turns).

Lilu the Destroyer (Deep Elf Conjurer)             Turns: 21493, Time: 01:34:51

Health: 0/80       AC:  8    Str:  6    XL:     13   Next: 23%
Magic:  8/31       EV: 23    Int: 28    God:    Sif Muna [*****.]
Gold:   922        SH:  5    Dex: 15    Spells: 21/36 levels left

rFire    + . .     SeeInvis .   a - staff of poison
rCold    . . .     Gourm    +   d - +0 buckler
rNeg     + . .     Faith    .   N - +1 robe {rF+}
rPois    +         Spirit   .   G - +2 hat {Int+3}
rElec    .         Reflect  .   g - +2 cloak
rCorr    .         Harm     .   (no gloves)
MR       +....                  (no boots)
Stlth    ++........             j - amulet of the gourmand
HPRegen  0.23/turn              K - ring of positive energy
MPRegen  0.22/turn              L - +3 ring of evasion

@: divine energy
A: no striking features
a: Stop Divine Energy, Channel Magic, Forget Spell, Renounce Religion


You were on level 3 of the Lair of Beasts.
You worshipped Sif Muna.
Sif Muna was extremely pleased with you.
You were completely stuffed.

You visited 3 branches of the dungeon, and saw 14 of its levels.
You also visited: Sewer and Bailey.

You collected 922 gold pieces.

Inventory:

Hand Weapons
 h - the +1 war axe of Wiurimuh {elec, +Blink}
   (You found it on level 10 of the Dungeon)

   Occasionally, upon striking a foe, it will discharge some electrical energy
   and cause terrible harm.
   It lets you blink.
 n - a +1 short sword of venom
Missiles
 u - 4 javelins of returning (quivered)
 R - 5 throwing nets
Armour
 d - a +0 buckler (worn)
 g - a +2 cloak (worn)
 G - a +2 hat of intelligence (worn)
 J - the +1 ring mail of Refuge {MR++ Int+4 Dex+5}
   (You found it on level 9 of the Dungeon)

   It affects your intelligence (+4).
   It affects your dexterity (+5).
   It affects your resistance to hostile enchantments.
 N - a +1 robe of fire resistance (worn)
 P - a +1 hat of magic resistance
 Q - a +1 ring mail of magic resistance
Magical Staves
 a - an uncursed staff of poison (weapon)
Jewellery
 j - an amulet of the gourmand (around neck)
 K - a ring of positive energy (left hand)
 L - a +3 ring of evasion (right hand)
Wands
 m - a wand of enslavement (11)
 z - a wand of flame (29)
 H - a wand of digging (19)
 O - a wand of polymorph (29)
Scrolls
 e - 6 scrolls of remove curse
 f - 2 scrolls of noise {unknown}
 k - 4 scrolls of magic mapping
 l - 6 scrolls of teleportation
 p - 2 scrolls of fear {unknown}
 q - a scroll of blinking {unknown}
 t - 2 scrolls of enchant armour {unknown}
 v - a scroll of immolation {unknown}
 y - 3 scrolls of amnesia {unknown}
 A - 2 scrolls of vulnerability {unknown}
 D - a scroll of acquirement {unknown}
 M - 3 scrolls of identify
 S - a scroll of fog {unknown}
Potions
 i - 2 potions of ambrosia
 o - 3 potions of magic
 r - 3 potions of might
 s - 3 potions of brilliance
 w - 6 potions of heal wounds
 x - a potion of invisibility {unknown}
 B - 2 potions of berserk rage {unknown}
 C - a potion of resistance {unknown}
 E - a potion of mutation {unknown}
 F - a potion of agility
 I - 3 potions of curing
Miscellaneous
 b - a phantom mirror
Comestibles
 c - 33 rations


   Skills:
 + Level 9.2 Fighting
 - Level 12.0 Dodging
 - Level 2.4 Stealth
 - Level 4.0 Shields
 - Level 12.2 Spellcasting
 + Level 13.2 Conjurations
 - Level 6.1 Hexes
 * Level 5.9 Translocations
 - Level 2.0 Evocations


You had 21 spell levels left.
You knew the following spells:

 Your Spells              Type           Power        Failure   Level  Hunger
a - Magic Dart            Conj           ####         0%          1    None
b - Searing Ray           Conj           ######       1%          2    None
c - Iskenderun's Mystic   Conj           #######.     1%          4    None
d - Fulminant Prism       Conj/Hex       ######....   1%          4    None
e - Force Lance           Conj/Tloc      ######..     1%          4    None

Your spell library contained the following spells:

 Spells                   Type           Power        Failure   Level  Hunger
 Confusing Touch          Hex            ######       1%          1    None
 Confuse                  Hex            ######..     1%          3    None
 Dazzling Spray           Conj/Hex       ######       1%          3    None
 Gell's Gravitas          Tloc           ######....   1%          3    None
 Summon Guardian Golem    Hex/Summ       ####....     2%          3    None
 Animate Skeleton         Necr           N/A          3%          1    None
 Pain                     Necr           ###.         3%          1    None
 Summon Small Mammal      Summ           ###.         3%          1    None
 Call Imp                 Summ           ###.....     4%          2    None
 Call Canine Familiar     Summ           ###.....     10%         3    None
 Regeneration             Chrm/Necr      ###.......   10%         3    None
 Vampiric Draining        Necr           ###.......   10%         3    None
 Metabolic Englaciation   Hex/Ice        ####......   26%         5    ##.....
 Yara's Violent Unravell  Hex/Tmut       ####......   26%         5    ##.....
 Animate Dead             Necr           N/A          32%         4    None
 Petrify                  Tmut/Erth      ###.....     32%         4    None
 Summon Ice Beast         Ice/Summ       ###.....     32%         4    None
 Summon Lightning Spire   Summ/Air       ###.....     32%         4    None


Dungeon Overview and Level Annotations

Branches:
Dungeon (10/15)            Temple (1/1) D:6            Lair (3/6) D:9
 Spider (0/4) Lair:3          Orc (0/2) D:9
  Swamp: Lair:2-4    Shoals: Lair:2-4

Altars:
Cheibriados
Fedhas
Gozag
Makhleb
Nemelex Xobeh
Okawaru
Ru
Sif Muna
Vehumet
Xom
The Shining One

Shops:
D:9 *


Message History

Sif Muna accepts your kill.
The blast of energy engulfs the spriggan rider.
The spriggan rider is moderately wounded.
Your fulminant prism crackles loudly.
Casting: Fulminant Prism (safe; 1% risk of failure)
Confirm with . or Enter, or press ? or * to list all spells.
Okay, then.
Your fulminant prism explodes!
The blast of energy engulfs the spriggan rider.
The spriggan rider is heavily wounded.
Casting: Fulminant Prism (safe; 1% risk of failure)
Confirm with . or Enter, or press ? or * to list all spells.
Aiming: Searing Ray (safe; 1% risk of failure)
Press: ? - help, Shift-Dir - straight line, f - spriggan rider
Aim: a spriggan rider, wielding a scorched spear {pierce} (heavily wounded)
The searing ray misses the spriggan rider. (Press . to maintain the ray.)
The spriggan rider hits you from afar with a scorched spear {pierce}!
* * * LOW HITPOINT WARNING * * *
You die...

### #############.## ####
####.##P#.##......####.#.
#.......@:i).............
##.#.#.#♣♣#⌠)..⌠#♣♣.......
#..#####♣.♣##'##♣.♣...##.#
##.#### ♣.......♣.♣..#####
#...#.##♣♣...♣♣..♣♣..##.##
##.......♣♣...♣..♣........
#........♣..♣...♣♣........
##.......♣♣.%...♣♣........
#...######♣♣♣♣♣♣♣..#.P..#.


You could see a spriggan rider.

Vanquished Creatures
  Gastronok (Lair:2)
  The ghost of Leuqus the Wallflower, a journeyman VSAs of Uskayaw (Lair:3)
  Harold (Lair:2)
  3 hydras (Lair:3)
  Erica (Lair:2)
  3 two-headed ogres
  An orc high priest (Bailey)
  An orc knight (Bailey)
  A manticore (D:9)
  An ugly thing (D:9)
  5 elephants (Lair:3)
  A centaur zombie (D:10)
  Maurice (D:9)
  7 spiny frogs
  A torpor snail (Lair:3)
  2 rime drakes (Lair:2)
  3 komodo dragons
  A hornet (Lair:3)
  3 dream sheep (Lair:3)
  The ghost of Sharpo the Shield-Bearer, an amateur GrFi (D:4)
  7 hippogriffs
  2 spriggans (Lair:3)
  A wyvern (D:9)
  3 hogs (D:7)
  26 yaks
  Eustachio (D:6)
  A human (D:7)
  Grum (D:7)
  Edmund (D:6)
  2 water moccasins
  Purgy (Sewer)
  5 orc warriors
  9 porcupines
  A sky beast (D:7)
  4 black bears
  2 necrophages
  8 ogres
  2 ice beasts
  2 phantoms
  8 wolves
  3 centaurs
  6 crocodiles
  A big kobold (D:9)
  8 bullfrogs
  A gnoll sergeant (D:6)
  4 scorpions
  A wyvern skeleton (D:10)
  11 killer bees
  5 electric eels (Bailey)
  A howler monkey (D:7)
  9 crimson imps
  10 orc wizards
  3 jellies
  7 orc priests
  A bullfrog skeleton (D:6)
  3 hounds
  A centaur skeleton (D:7)
  A gnoll shaman (D:9)
  Jessica (D:3)
  3 iguanas
  9 worker ants
  A howler monkey zombie (D:2)
  4 worker ant zombies
  Robin (D:3)
  17 gnolls
  17 adders
  3 shadow imps
  An ooze (D:1)
  3 adder skeletons
  4 worms
  5 dart slugs
  8 leopard geckos
  34 orcs
  6 giant cockroaches
  17 goblins
  5 hobgoblins
  13 jackals
  6 quokkas
  7 ball pythons
  11 bats
  8 frilled lizards
  11 kobolds
  A leopard gecko skeleton (D:6)
  3 quokka skeletons
  11 rats
  A fungus (Lair:3)
  A plant (Lair:3)
414 creatures vanquished.

Vanquished Creatures (others)
  82 fulminant prisms
  7 fungi
  6 plants (Lair:3)
95 creatures vanquished.

Grand Total: 509 creatures vanquished

Notes
Turn   | Place    | Note
-------+----------+-------------------------------------------
     0 | D:1      | Lilu the Deep Elf Conjurer began the quest for the Orb.
     0 | D:1      | Reached XP level 1. HP: 10/10 MP: 6/6
   249 | D:1      | Reached XP level 2. HP: 15/15 MP: 6/8
   536 | D:1      | Reached skill level 5 in Conjurations
   996 | D:2      | Reached XP level 3. HP: 19/19 MP: 7/10
  1050 | D:1      | Learned a level 2 spell: Searing Ray
  1334 | D:2      | Reached XP level 4. HP: 24/24 MP: 7/12
  1378 | D:2      | Learned a level 4 spell: Iskenderun's Mystic Blast
  1697 | D:2      | Reached skill level 6 in Conjurations
  2135 | D:3      | Reached XP level 5. HP: 28/28 MP: 8/14
  2264 | D:3      | Found a glowing drain.
  2303 | Sewer    | Entered a sewer
  2336 | Sewer    | Noticed Purgy
  2352 | Sewer    | Killed Purgy
  2352 | Sewer    | Reached skill level 5 in Spellcasting
  2368 | Sewer    | Reached skill level 7 in Conjurations
  2739 | D:3      | Reached XP level 6. HP: 32/32 MP: 4/16
  2997 | D:3      | Noticed Jessica
  3001 | D:3      | Killed Jessica
  3242 | D:3      | Noticed Robin
  3259 | D:3      | Killed Robin
  3918 | D:4      | Found a burning altar of Makhleb.
  3918 | D:4      | Found a shimmering altar of Xom.
  3919 | D:4      | Found an iron altar of Okawaru.
  4044 | D:4      | Reached XP level 7. HP: 36/36 MP: 12/18
  4291 | D:4      | Reached skill level 8 in Conjurations
  4521 | D:4      | Found a large runed door.
  4522 | D:4      | Found a large runed door.
  4524 | D:4      | Noticed Sharpo's ghost (amateur GrFi)
  4788 | D:5      | Entered Level 5 of the Dungeon
  4951 | D:5      | Reached skill level 1 in Shields
  5533 | D:5      | Reached XP level 8. HP: 41/41 MP: 14/21
  5926 | D:6      | Noticed Eustachio
  6102 | D:6      | Noticed Edmund
  6109 | D:6      | Killed Edmund
  6298 | D:6      | Found a staircase to the Ecumenical Temple.
  6458 | D:6      | Reached skill level 9 in Conjurations
  6676 | D:6      | Killed Eustachio
  6994 | Temple   | Entered the Ecumenical Temple
  7029 | Temple   | Became a worshipper of Sif Muna the Loreminder
  7080 | D:6      | Found a blossoming altar of Fedhas.
  7111 | D:6      | Reached XP level 9. HP: 45/45 MP: 21/24
  7399 | D:4      | Killed Sharpo's ghost
  7635 | D:7      | Reached skill level 1 in Fighting
  7785 | D:6      | HP: 1/48 [orc warrior/long sword (12)]
  8153 | D:7      | Reached skill level 10 in Conjurations
  8321 | D:7      | Reached skill level 10 in Spellcasting
  9092 | D:7      | Learned a level 4 spell: Fulminant Prism
  9097 | D:7      | Learned a level 4 spell: Force Lance
  9115 | D:7      | Reached skill level 5 in Dodging
  9115 | D:7      | Reached skill level 1 in Hexes
  9115 | D:7      | Reached skill level 1 in Translocations
  9120 | D:7      | Reached * piety under Sif Muna
  9474 | D:8      | Noticed Grum
  9475 | D:8      | Reached XP level 10. HP: 56/56 MP: 21/26
  9937 | D:7      | Killed Grum
 10377 | D:8      | Noticed a two-headed ogre
 10641 | D:8      | Killed a two-headed ogre
 10641 | D:8      | Reached ** piety under Sif Muna
 11180 | D:9      | Noticed a two-headed ogre
 11187 | D:9      | Killed a two-headed ogre
 11187 | D:9      | Reached skill level 5 in Hexes
 11187 | D:9      | Reached skill level 5 in Translocations
 11208 | D:9      | Found a staircase to the Orcish Mines.
 11713 | D:9      | Found Nuun's General Store.
 11833 | D:9      | Noticed Maurice
 11842 | D:9      | Noticed a two-headed ogre
 11847 | D:9      | Noticed a manticore
 11929 | D:9      | Killed a two-headed ogre
 11931 | D:9      | Killed a manticore
 11931 | D:9      | Reached XP level 11. HP: 60/62 MP: 6/28
 12266 | D:9      | Found a sacrificial altar of Ru.
 12340 | D:9      | Killed Maurice
 12575 | D:9      | Got a slimy ring mail
 12624 | D:9      | Found a staircase to the Lair.
 12630 | D:9      | Found an opulent altar of Gozag.
 12772 | D:9      | Noticed a red ugly thing
 12783 | D:9      | Reached *** piety under Sif Muna
 12785 | D:9      | Killed a red ugly thing
 13481 | D:10     | Entered Level 10 of the Dungeon
 13846 | D:10     | Found a flagged portal.
 13860 | D:10     | Reached skill level 5 in Fighting
 13874 | Bailey   | Entered a bailey
 14048 | Bailey   | Noticed an orc high priest
 14060 | Bailey   | Reached skill level 11 in Conjurations
 14063 | Bailey   | Killed an orc high priest
 14107 | Bailey   | Noticed an orc knight
 14115 | Bailey   | Killed an orc knight
 14142 | Bailey   | Noticed an orc sorcerer
 14746 | D:10     | Got an ancient war axe
 15709 | D:10     | Identified the cursed +1 war axe of Wiurimuh {elec, +Blink}
                  | (You found it on level 10 of the Dungeon)
 15720 | D:10     | Identified the +1 ring mail of Refuge {MR++ Int+4 Dex+5}
                  | (You found it on level 9 of the Dungeon)
 15873 | Lair:1   | Entered Level 1 of the Lair of Beasts
 16193 | Lair:2   | Reached skill level 1 in Evocations
 16702 | Lair:1   | Reached skill level 10 in Dodging
 16702 | Lair:1   | Reached XP level 12. HP: 69/70 MP: 15/30
 17407 | Lair:1   | Reached **** piety under Sif Muna
 17622 | Lair:1   | Reached skill level 12 in Conjurations
 17938 | Lair:2   | Noticed Erica
 17967 | Lair:2   | Killed Erica
 18457 | Lair:2   | Noticed Gastronok
 18469 | Lair:2   | Killed Gastronok
 18795 | Lair:2   | Noticed Harold
 18829 | Lair:2   | Killed Harold
 19729 | Lair:3   | Found a hole to the Spider Nest.
 20114 | Lair:3   | Noticed an eight-headed hydra
 20124 | Lair:3   | Killed an eight-headed hydra
 20130 | Lair:3   | Reached skill level 13 in Conjurations
 20380 | Lair:3   | Reached XP level 13. HP: 76/80 MP: 24/31
 20862 | Lair:3   | Found a runed door.
 20865 | Lair:3   | Noticed Leuqus's ghost (journeyman VSAs)
 21486 | Lair:3   | Reached ***** piety under Sif Muna
 21486 | Lair:3   | Received a gift from Sif Muna
 21491 | Lair:3   | Killed Leuqus's ghost
 21493 | Lair:3   | HP: 2/80 [spriggan rider/scorched spear {pierce} (15)]
 21493 | Lair:3   | Identified the +7 spear of the Hills {pierce, Dex+3}
 21493 | Lair:3   | Slain by a spriggan rider

Skill      XL: |  1  2  3  4  5  6  7  8  9 10 11 12 13 |
---------------+----------------------------------------+-----
Conjurations   | 5 6 7 8 9 10 11 13 | 13.2
Spellcasting   | 4 5 6 7 9 10 11 12 | 12.2
Dodging        | 3 4 5 8 10 11 12 | 12.0
Shields        | 1 3 4 |  4.0
Fighting       | 3 4 6 8 9 |  9.2
Hexes          | 2 5 6 |  6.1
Translocations | 3 5 |  5.9
Evocations     | 2 |  2.0
Stealth        | |  2.4

Action                   |  1- 3 |  4- 6 |  7- 9 | 10-12 | 13-15 || total
-------------------------+-------+-------+-------+-------+-------++-------
Melee: Short sword       |       |     3 |       |     7 |       ||    10
       Staff             |       |       |    23 |     5 |     1 ||    29
 Cast: Magic Dart        |    50 |    94 |    67 |    53 |     2 ||   266
       Searing Ray       |     4 |    26 |    70 |   126 |    10 ||   236
       Fulminant Prism   |       |       |     5 |    67 |    10 ||    82
       Iskenderun's Myst |       |       |       |    78 |     9 ||    87
       Force Lance       |       |       |       |       |     5 ||     5
Invok: Divine Energy     |       |       |       |     1 |       ||     1
 Abil: Evoke Blink       |       |       |       |     8 |       ||     8
  Use: Scroll            |       |       |     9 |     3 |       ||    12
       Potion            |       |       |     1 |     2 |       ||     3
 Stab: Sleeping          |       |     1 |       |       |       ||     1
       Distracted        |       |       |     1 |       |       ||     1
  Eat: Chunk             |     9 |    10 |    16 |    34 |     3 ||    72
Armor: Robe              |     3 |     4 |       |    15 |     8 ||    30
       Animal skin       |       |     2 |    14 |    17 |       ||    33
Dodge: Dodged            |    17 |    28 |    81 |   229 |    32 ||   387
Block: Buckler           |       |       |    22 |    65 |     5 ||    92
